 Dungeon Crawl Stone Soup version 0.23-a0-54-gae6112e33f (webtiles) character file.

210 RedPan the Sneak (level 5, 0/24 HPs)
             Began as a Vine Stalker Enchanter on Aug 8, 2018.
             Succumbed to an adder's poison
             ... on level 3 of the Dungeon.
             The game lasted 00:05:51 (2627 turns).

RedPan the Sneak (Vine Stalker Enchanter)           Turns: 2627, Time: 00:05:52

Health: 0/24       AC:  2    Str: 10    XL:     5   Next: 87%
Magic:  7/9        EV: 17    Int: 21    God:
Gold:   146        SH:  0    Dex: 20    Spells: 3/8 levels left

rFire    . . .     SeeInvis .   g - +3 short sword (elec)
rCold    . . .     Gourm    .   (no shield)
rNeg     . . .     Faith    .   b - +0 robe
rPois    .         Spirit   +   (helmet restricted)
rElec    .         Reflect  .   (no cloak)
rCorr    .         Harm     .   (no gloves)
MR       .....                  (no boots)
Stlth    +++++.....             m - amulet of the acrobat
HPRegen  0.48/turn              (no ring)
MPRegen  0.11/turn              (no ring)

@: brilliant, agile, lethally poisoned (0 -> -4), very slightly contaminated,
hasted, invisible, very quick
A: fangs 2, horns 1, regeneration 1, magic shield, antimagic bite, no potion
heal 3, rot immunity, sturdy frame 1
a: no special abilities


You were on level 3 of the Dungeon.
You were hungry.

You visited 1 branch of the dungeon, and saw 3 of its levels.

You collected 146 gold pieces.

Inventory:

Hand Weapons
 a - a +1 dagger
 g - a +3 short sword of electrocution (weapon)
Armour
 b - a +0 robe (worn)
Jewellery
 c - an uncursed amulet of faith
 m - an amulet of the acrobat (around neck)
 o - a +6 ring of strength {unknown}
Scrolls
 h - 3 scrolls of amnesia
 j - a scroll of immolation {unknown}
Potions
 f - a potion of haste
Comestibles
 d - 8 rations
 k - 8 chunks of flesh


   Skills:
 + Level 0.0 Fighting
 - Level 2.5 Short Blades
 - Level 1.5 Dodging
 - Level 6.4 Stealth
 - Level 2.1 Spellcasting
 - Level 4.0 Hexes


You had 3 spell levels left.
You knew the following spells:

 Your Spells              Type           Power        Failure   Level  Hunger
a - Confuse               Hex            ####....     1%          3    ###....
b - Ensorcelled Hibernat  Hex/Ice        ###...       1%          2    ##.....

Your spell library contained the following spells:

 Spells                   Type           Power        Failure   Level  Hunger
 Tukima's Dance           Hex            ####....     1%          3    ###....
 Corona                   Hex            ####...      1%          1    #......
 Dazzling Spray           Conj/Hex       ###...       2%          3    ###....


Dungeon Overview and Level Annotations

Branches:
Dungeon (3/15)

Altars:
Okawaru
Sif Muna

Portals:
Sewer: D:3


Innate Abilities, Weirdness & Mutations

You have extremely sharp teeth.
Your natural rate of healing is unusually fast.
When hurt, damage is shared between your health and your magic reserves.
Your bite disrupts and absorbs the magic of your enemies.
Potions cannot restore your health.
You are immune to rotting.
You have a pair of small horns on your head.
Your movements are slightly less encumbered by armour. (ER -2)


Message History

It was a potion of agility.
You feel agile all of a sudden.
* * * LOW HITPOINT WARNING * * *
You feel sick.
It was a potion of brilliance.
You feel clever all of a sudden.
* * * LOW HITPOINT WARNING * * *
You feel sick.
Okay, then.
There is a lethal amount of poison in your body!
Sorry, you're not good enough to have a special ability.
You enter the shallow water.
Moving in this stuff is going to be slow. ...and don't expect to remain undetected.
* * * LOW HITPOINT WARNING * * *
You feel sick.
* * * LOW HITPOINT WARNING * * *
You feel sick.
There is a glowing drain here.
You die...

#.# ##. #.#
...## #.# #...
##.#
##...###..#
####.........#
.....#######.#
.....#≈≈≈≈≈#.#
.....#≈≈@≈≈'.#
#...#≈≈≈≈≈#.#
#.#.#######.#
#...........#
#.####.##...#
#.####.##.#.#
#.........#.#
######.####<#
#.# #.#


There were no monsters in sight!

Vanquished Creatures
  A hound (D:3)
  An orc wizard (D:3)
  A centaur skeleton (D:3)
  5 adders
  An ooze (D:2)
  2 worms
  A leopard gecko (D:3)
  2 orcs (D:3)
  A ball python (D:2)
  3 bats
  5 giant cockroaches
  8 goblins
  3 hobgoblins
  11 jackals
  2 quokkas
  A frilled lizard (D:2)
  6 kobolds
  7 rats
61 creatures vanquished.

Notes
Turn   | Place    | Note
-------+----------+-------------------------------------------
     0 | D:1      | RedPan the Vine Stalker Enchanter began the quest for the Orb.
     0 | D:1      | Reached XP level 1. HP: 9/9 MP: 4/4
    55 | D:1      | Reached skill level 1 in Short Blades
   371 | D:1      | Reached skill level 4 in Stealth
   371 | D:1      | Reached XP level 2. HP: 8/13 MP: 4/6
   480 | D:1      | Learned a level 2 spell: Ensorcelled Hibernation
  1553 | D:2      | Reached XP level 3. HP: 16/16 MP: 7/7
  1599 | D:2      | Found a deep blue altar of Sif Muna.
  1877 | D:2      | Reached skill level 5 in Stealth
  2031 | D:2      | Gained mutation: Your natural rate of healing is unusually fast. [Vine Stalker growth]
  2031 | D:2      | Reached XP level 4. HP: 19/21 MP: 6/8
  2150 | D:2      | Found an iron altar of Okawaru.
  2336 | D:3      | Learned a level 3 spell: Confuse
  2365 | D:3      | Reached XP level 5. HP: 19/24 MP: 6/9
  2476 | D:3      | Reached skill level 6 in Stealth
  2570 | D:3      | Found a glowing drain.
  2620 | D:3      | Gained mutation: You have a pair of small horns on your head. [potion of mutation]
  2620 | D:3      | Gained mutation: Your movements are slightly less encumbered by armour. (ER -2) [potion of mutation]
  2625 | D:3      | HP: 1/24 [poisoned by an adder]
  2627 | D:3      | Succumbed to an adder's poison

Vault maps used:
D:1:      dpeg_arrival_arbitrary_c
D:2:      old_standard_altar, marbit_many_paths, first_ration
D:3:      nicolae_overflow_hidden_temple, gup_sewer_entry_glass

Skill      XL: |  1  2  3  4  5 |
---------------+----------------+-----
Short Blades   | 1 2 |  2.5
Stealth        | 4 5 6 |  6.4
Hexes          | 4 |  4.0
Dodging        | |  1.5
Spellcasting   | |  2.1

Action                   |  1- 3 |  4- 6 || total
-------------------------+-------+-------++-------
Melee: Dagger            |    88 |     4 ||    92
       Bite              |    17 |    13 ||    30
       Short sword       |    16 |    83 ||    99
  Use: Scroll            |     4 |     1 ||     5
       Potion            |       |     5 ||     5
 Stab: Sleeping          |     3 |     6 ||     9
       Distracted        |     1 |       ||     1
  Eat: Chunk             |     3 |     2 ||     5
Armor: Robe              |    14 |     6 ||    20
Dodge: Dodged            |    60 |    51 ||   111

Table legend:
 A = Spawn XP
 B = Non-spawn XP
 C = Spawn XP percentage of total XP
 D = Spawn monster count
 E = Non-spawn monster count
 F = Spawn count percentage of total count
 G = Total turns spent on level
                    A         B        C        D         E        F      G
               +---------+---------+-------+---------+---------+-------+---------
         Total |       0 |     300 |   0.0 |       0 |      61 |   0.0 |  2627
               +---------+---------+-------+---------+---------+-------+---------
           D:1 |       0 |      18 |   0.0 |       0 |      11 |   0.0 |  1398
           D:2 |       0 |      98 |   0.0 |       0 |      32 |   0.0 |   927
           D:3 |       0 |     184 |   0.0 |       0 |      18 |   0.0 |   302
               +---------+---------+-------+---------+---------+-------+---------
